 Dungeon Crawl Stone Soup version 0.28.0-45-g0d030f2227 (webtiles) character file.

Game seed: 10248515654566360742

654 Peloso the Slasher (level 7, -14/61 HPs)
             Began as a Minotaur Fighter on Apr 16, 2022.
             Was a Believer of Okawaru.
             Demolished by a large abomination (31 damage)
             ... on level 1 of the Abyss.
             The game lasted 00:05:25 (3647 turns).

Peloso the Slasher (Minotaur Fighter)               Turns: 3647, Time: 00:05:27

Health: -14/61     AC:  7    Str: 20    XL:     7   Next: 29%
Magic:  6/6        EV: 10    Int:  5    God:    Okawaru [**....]
Gold:   280        SH:  5    Dex: 12    Spells: 6/6 levels left

rFire   . . .      SeeInvis .   a - +0 long sword
rCold   . . .      Faith    .   c - +0 buckler
rNeg    . . .      Spirit   .   b - +0 scale mail
rPois   .          Reflect  .   (helmet restricted)
rElec   .          Harm     .   (no cloak)
rCorr   .          Rampage  .   (no gloves)
Will    .....                   (no boots)
Stlth   ..........              (no amulet)
HPRegen 0.20/turn               (no ring)
MPRegen 0.10/turn               (no ring)

@: no status effects
A: horns 2, retaliatory headbutt
a: Renounce Religion, Heroism


You were on level 1 of the Abyss.
You worshipped Okawaru.
Okawaru was pleased with you.
You visited 2 branches of the dungeon, and saw 6 of its levels.
You visited the Abyss 1 time.

You collected 280 gold pieces.

Inventory:

Hand Weapons
 a - a +0 long sword (weapon)
Armour
 b - a +0 scale mail (worn)
 c - a +0 buckler (worn)
Jewellery
 h - a ring of protection from cold
 k - a +4 ring of evasion
 o - an amulet of magic regeneration
Wands
 m - a wand of digging (7)
 n - a wand of polymorph (5)
 q - a wand of flame (21)
Scrolls
 f - 3 scrolls of teleportation {unknown}
 g - 2 scrolls of enchant weapon {unknown}
 j - a scroll of identify {unknown}
 l - a scroll of immolation {unknown}
 r - a scroll of enchant armour {unknown}
 s - a scroll of magic mapping {unknown}
Potions
 d - a potion of might
 e - a potion of heal wounds {unknown}
 i - a potion of brilliance {unknown}
 p - a potion of lignification {unknown}


   Skills:
 + Level 5.1 Fighting
 + Level 6.1 Long Blades
 + Level 5.6 Armour
 + Level 2.2 Dodging
 + Level 0.1 Stealth
 + Level 5.5 Shields


You had 6 spell levels left.
You didn't know any spells.
Your spell library contained the following spells:

 Spells                   Type           Power      Damage    Failure   Level
 Magic Dart               Conj           0%         1d3       88%         1
 Blink                    Tloc           0%         N/A       95%         2
 Ensorcelled Hibernation  Hex/Ice        0%         N/A       95%         2
 Passwall                 Tmut/Erth      0%         N/A       95%         2
 Lesser Beckoning         Tloc           0%         N/A       99%         3
 Mephitic Cloud           Conj/Pois/Air  0%         N/A       99%         3
 Swiftness                Air            0%         N/A       99%         3
 Fulminant Prism          Conj/Hex       0%         3d6       100%        4
 Iskenderun's Mystic Bla  Conj/Tloc      0%         2d3       100%        4
 Fireball                 Conj/Fire      0%         3d3       100%        5
 Lee's Rapid Deconstruct  Erth           0%         3d5*      100%        5
 Manifold Assault         Tloc           0%         N/A       100%        5
 Starburst                Conj/Fire      0%         6d3       100%        6
 Ignition                 Fire           0%         3d3       100%        8
 Call Imp                 Summ           Unusable   N/A       N/A         2

Dungeon Overview and Level Annotations

Branches:
Dungeon (5/15)             Temple (1/1) D:4

Altars:
Ashenzari
Cheibriados
Dithmenos
Elyvilon
Fedhas
Gozag
Hepliaklqana
Makhleb
Nemelex Xobeh
Okawaru
Ru


Innate Abilities, Weirdness & Mutations

You have a pair of horns on your head.
You reflexively headbutt those who attack you in melee.


Message History

The ufetubus barely misses you. The ufetubus barely misses you.
The ufetubus hits you but does no damage.
The ufetubus hits you.
The ufetubus hits you but does no damage.
The ufetubus closely misses you. You block the ufetubus's attack.
The ynoxinul gestures.
The ufetubus hits you. x2; You block the ufetubus's attack.
The ufetubus hits you.
* * * LOW HITPOINT WARNING * * *
The ynoxinul gestures.
The ufetubus misses you. The ufetubus hits you.
* * * LOW HITPOINT WARNING * * *
The ufetubus misses you. You block the ufetubus's attack.
You block the ufetubus's attack. The ufetubus closely misses you.
The ufetubus hits you but does no damage. x2
You block the ufetubus's attack. x2; The ufetubus barely misses you.
The ufetubus closely misses you.
You enter the shallow water.
Moving in this stuff is going to be slow.
The ufetubus disappears in a puff of smoke!
The ufetubus hits you but does no damage.
The ufetubus closely misses you. The ufetubus barely misses you.
You furiously retaliate!
You headbutt the ufetubus, but do no damage.
The ufetubus misses you.
The ynoxinul gestures.
The ufetubus hits you but does no damage. x2
The ufetubus closely misses you.
The ufetubus hits you but does no damage.
The large abomination closely misses you.
A white imp comes into view.
The white imp shouts, "Escape, thou feeble weevil-witted deadneck!"
The ufetubus disappears in a puff of smoke!
The white imp gestures at you. The puff of frost hits you.
* * * LOW HITPOINT WARNING * * *
The large abomination hits you!!
Ouch! That really hurt!
You die...

... ..... ..5 ....
... .... # #.. #..#
.# .##..##..##.#
............#
............# #.
#@.##.# ##. #X.##.#
.....#§....#
≈≈..........#
≈≈.......5..#
≈≈.....5...≈### ###
#. ≈≈.#.≈...≈3..≈.#
##...≈≈≈≈..≈##.. #≈
#.≈≈≈♣≈...≈≈#.....#


You could see a large abomination, a white imp and 2 ufetubi.

Vanquished Creatures
  Sigmund (D:5)
  Eustachio (D:5)
  2 ogres (D:5)
  A water moccasin skeleton (D:4)
  An iguana (D:5)
  A gnoll (D:5)
  An ufetubus (D:5)
  3 dart slugs (D:1)
  4 worms
  An orc (D:4)
  8 endoplasms
  6 giant cockroaches (D:1)
  5 goblins
  7 hobgoblins
  7 jackals
  3 quokkas
  6 ball pythons
  7 bats
  3 frilled lizards
  8 kobolds
  9 rats
85 creatures vanquished.

Vanquished Creatures (others)
  2 starspawn tentacles (Abyss:1)
2 creatures vanquished.

Grand Total: 87 creatures vanquished

Notes
Turn   | Place    | Note
-------+----------+-------------------------------------------
     0 | D:1      | Peloso the Minotaur Fighter began the quest for the Orb.
     0 | D:1      | Reached XP level 1. HP: 19/19 MP: 0/0
     1 | D:1      | Found a runed translucent door.
   228 | D:1      | Found a faded altar of an unknown god.
   236 | D:1      | Reached XP level 2. HP: 27/27 MP: 1/1
   615 | D:1      | Reached XP level 3. HP: 33/33 MP: 2/2
  1655 | D:3      | Reached skill level 3 in Long Blades
  2140 | D:3      | Found a burning altar of Makhleb.
  2140 | D:3      | Found a broken altar of Ashenzari.
  2259 | D:1      | Reached XP level 4. HP: 40/40 MP: 3/3
  2417 | D:4      | Found a staircase to the Ecumenical Temple.
  2430 | Temple   | Entered the Ecumenical Temple
  2448 | Temple   | Became a worshipper of Warmaster Okawaru
  2547 | D:4      | Reached XP level 5. HP: 37/47 MP: 4/4
  2738 | D:4      | Noticed an ogre
  2820 | D:5      | Entered Level 5 of the Dungeon
  2820 | D:5      | Noticed an ogre
  2827 | D:5      | Reached skill level 4 in Long Blades
  2840 | D:5      | Reached skill level 5 in Shields
  2842 | D:5      | Killed an ogre
  2842 | D:5      | Reached * piety under Okawaru
  2843 | D:5      | Reached skill level 1 in Dodging
  2843 | D:5      | Reached XP level 6. HP: 47/53 MP: 5/5
  2853 | D:5      | Reached skill level 5 in Armour
  2929 | D:5      | Noticed Eustachio
  2944 | D:5      | Killed Eustachio
  2945 | D:5      | Reached skill level 5 in Long Blades
  3145 | D:5      | Noticed Sigmund
  3153 | D:5      | Killed Sigmund
  3153 | D:5      | Reached ** piety under Okawaru
  3154 | D:5      | Reached skill level 5 in Fighting
  3154 | D:5      | Reached XP level 7. HP: 44/61 MP: 6/6
  3261 | D:5      | Reached skill level 6 in Long Blades
  3537 | D:5      | Cast into level 1 of the Abyss (gnoll)
  3608 | Abyss:1  | Noticed a spatial vortex
  3611 | Abyss:1  | Noticed a spatial vortex
  3612 | Abyss:1  | Noticed a large abomination
  3614 | Abyss:1  | Noticed a ynoxinul
  3623 | Abyss:1  | Noticed a tentacled starspawn
  3641 | Abyss:1  | Noticed a ynoxinul
  3647 | Abyss:1  | Demolished by a large abomination

Illustrated notes

Levels and vault maps discovered:
D:1:      dpeg_arrival_caged_fury, layout_rooms,
          dreamdust_ecumenical_altar_angels_and_demons,
          nicolae_figureground_pulse
D:2:      layout_basic
D:3:      layout_loops_ring, gammafunk_temple_overflow_statue,
          minmay_misc_feat_ornament, kennysheep_generic_room_12
D:4:      layout_loops_ring, minmay_temple_entry_statues_pillars
D:5:      layout_loops_ring, serial_shops, nicolae_shop_hallway_stairs,
          uniq_sigmund, uniq_pikel, uniq_eustachio
Temple:   compressed_dpeg_circular_temple
Abyss:1:  base:
D:2

Skill      XL: |  1  2  3  4  5  6  7 |
---------------+----------------------+-----
Shields        | 4 5 |  5.5
Armour         | 4 5 |  5.6
Fighting       | 4 5 |  5.1
Long Blades    | 3 4 5 6 |  6.1
Dodging        | 1 2 |  2.2
Stealth        | |  0.1

Action                   |  1- 3 |  4- 6 |  7- 9 || total
-------------------------+-------+-------+-------++-------
Melee: Long sword        |   105 |    70 |    11 ||   186
       Headbutt          |    12 |     8 |       ||    20
Evoke: Wand              |       |       |     1 ||     1
  Use: Potion            |       |     1 |       ||     1
Armor: Scale mail        |    57 |    41 |     9 ||   107
Dodge: Dodged            |    68 |    42 |    23 ||   133
Block: Buckler           |    42 |    22 |     7 ||    71
